 Dungeon Crawl Stone Soup version 0.18.1-48-g4cf74bf (webtiles) character file.

111 Krovax999 the Digger (level 4, -1/26 HPs)
             Began as a Gargoyle Earth Elementalist on July 17, 2016.
             Shot with an arrow by a centaur (11 damage)
             ... on level 3 of the Dungeon on July 18, 2016.
             The game lasted 00:21:35 (2591 turns).

Krovax999 the Digger (Gargoyle Earth Elementalist)  Turns: 2591, Time: 00:21:36

Health: -1/26      AC:  7    Str: 12    XL:     4   Next: 92%
Magic:  8/8        EV: 11    Int: 16    God:
Gold:   111        SH:  0    Dex: 10    Spells: 2 memorised, 4 levels left

rFire  . . .     SeeInvis .     m - +0 mace
rCold  . . .     Gourm    .     u - +0 leather armour
rNeg   + . .     Faith    .     (no shield)
rPois  ∞         Spirit   .     (no helmet)
rElec  +         Dismiss  .     e - +0 cloak
rCorr  .         Reflect  .     (no gloves)
SustAt .         Harm     .     (no boots)
MR     .....                    (no amulet)
Stlth  ++........               (no ring)
                                (no ring)

@: not resistant to hostile enchantments, unstealthy
A: negative energy resistance 1, electricity resistance, unbreathing,
petrification resistance, rot immunity, AC +3
a: no special abilities


You were on level 3 of the Dungeon.
You were not hungry.

You visited 1 branch of the dungeon, and saw 3 of its levels.

You collected 111 gold pieces.

Inventory:

Hand Weapons
 g - a +0 dagger
 i - a +0 club
 m - a +0 mace (weapon)
Missiles
 b - 89 stones (quivered)
 w - 6 silver tomahawks
Armour
 a - a +0 robe
 e - a +0 cloak (worn)
 u - a +0 leather armour (worn)
Scrolls
 h - a scroll of random uselessness {unknown}
 j - 3 scrolls of blinking
 l - a scroll of teleportation {unknown}
 o - a scroll of remove curse {unknown}
 r - a scroll of amnesia
 s - a scroll of fear
 t - a scroll of identify {unknown}
Potions
 f - a potion of brilliance {unknown}
 k - a potion of ambrosia {unknown}
 p - a potion of cure mutation {unknown}
 q - a potion of heal wounds {unknown}
Books
 c - a book of Geomancy

   Spells                             Type                      Level
   a - Sandblast                      Earth                        1
   b - Passwall                       Transmutation/Earth          2
   c - Stone Arrow                    Conjuration/Earth            3
   d - Petrify                        Transmutation/Earth          4
   e - Lee's Rapid Deconstruction     Earth                        5
Comestibles
 d - 4 bread rations
 n - a royal jelly
 v - 2 meat rations
 x - 3 chunks of flesh


   Skills:
 * Level 1.6 Fighting
 + Level 0.4 Maces & Flails
 - Level 0.1 Throwing
 * Level 1.0 Armour
 - Level 2.0 Dodging
 - Level 2.1 Stealth
 - Level 2.6 Spellcasting
 * Level 0.9 Conjurations
   Level 0.7 Transmutations
 + Level 4.7 Earth Magic


You had 4 spell levels left.
You knew the following spells:

 Your Spells              Type           Power        Failure   Level  Hunger
a - Sandblast             Erth           ###...       4%          1    #......
b - Stone Arrow           Conj/Erth      ##....       24%         3    ###....


Dungeon Overview and Level Annotations

Branches:
Dungeon (3/15)

Altars:
Kikubaaqudgha
Makhleb

Annotations:
D:2 Terence


Innate Abilities, Weirdness & Mutations

You are resistant to torment.
Your stone body is resilient (AC +3).
You are immune to poison.
You resist negative energy.
You are resistant to electric shocks.
You can survive without breathing.
You are immune to petrification.
You are immune to rotting.


Message History

x - 3 chunks of flesh (gained 2)
You start resting.
Magic restored.
You start resting.
HP restored.
You see here a leather armour.
A centaur comes into view.
The centaur shouts!
The centaur wields a shortbow.
The centaur shoots an arrow.
The arrow hits you!
You see here an arrow.
Press: ? - help, v - describe, . - travel
Here: a centaur, wielding a shortbow The floor.
A centaur is nearby!
Unknown command.
Unknown command.
You see here a leather armour.
The centaur shoots an arrow.
The arrow hits you!
The centaur shoots an arrow.
The arrow hits you!
You die...

#.###############.##..###.#
#.# #............##......#
#.# #.###..#.........#####
#.####.##......#..##.##
#...........##.#..##.######
######.###..).....##.##....
#.####.##.#####>##.###
#.....)##.# #.##.##
#####@..#.. ..#...#
#[..#### ##.#.#
#...#########...##
#.........#.......
#(..#####.........
......c.##........##.#..
#.c....####...(.......<.
#......#⌠⌠#....(........
#.######__#####.........


You could see a centaur.

Vanquished Creatures
  A worker ant (D:3)
  An adder (D:3)
  2 oozes (D:3)
  A worm (D:3)
  A dart slug (D:3)
  4 giant geckos
  An orc (D:3)
  A ball python (D:3)
  2 bats (D:3)
  4 giant cockroaches
  4 goblins
  7 hobgoblins
  6 jackals
  A quokka (D:2)
  2 giant newts
  8 kobolds
  9 rats
55 creatures vanquished.

Notes
Turn   | Place    | Note
--------------------------------------------------------------
     0 | D:1      | Krovax999 the Gargoyle Earth Elementalist began the quest for the Orb.
     0 | D:1      | Reached XP level 1. HP: 10/10 MP: 3/3
   204 | D:1      | Reached XP level 2. HP: 15/15 MP: 3/5
   274 | D:1      | Reached skill level 4 in Earth Magic
   936 | D:2      | Reached XP level 3. HP: 20/20 MP: 6/6
  1228 | D:2      | Noticed Terence
  1509 | D:3      | Reached skill level 1 in Fighting
  1583 | D:3      | Learned a level 3 spell: Stone Arrow
  1820 | D:3      | Found a burning altar of Makhleb.
  1820 | D:3      | Found an ancient bone altar of Kikubaaqudgha.
  2025 | D:3      | Reached XP level 4. HP: 25/25 MP: 8/8
  2293 | D:3      | Reached skill level 1 in Armour
  2587 | D:3      | Noticed a centaur
  2591 | D:3      | Shot with an arrow by a centaur

Skill      XL: |  1  2  3  4 |
---------------+-------------+-----
Earth Magic    | 4 |  4.7
Fighting       | 1 |  1.6
Dodging        | 2 |  2.0
Armour         | 1 |  1.0
Maces & Flails | |  0.4
Throwing       | |  0.1
Stealth        | |  2.1
Spellcasting   | |  2.6
Conjurations   | |  0.9
Transmutations | |  0.7

Action                   |  1- 3 |  4- 6 || total
-------------------------+-------+-------++-------
Melee: Dagger            |     5 |       ||     5
       Unarmed           |     1 |       ||     1
       Mace              |    55 |    69 ||   124
       Club              |     5 |       ||     5
Throw: Stone             |    36 |     4 ||    40
 Cast: Sandblast         |    64 |    13 ||    77
  Use: Scroll            |     3 |       ||     3
 Stab: Sleeping          |     1 |     1 ||     2
  Eat: Chunk             |     4 |     2 ||     6
Armor: Robe              |    33 |       ||    33
       Leather armour    |     9 |    54 ||    63
Dodge: Dodged            |    64 |    76 ||   140
